General information
- name: BNet
- type: Ladder team game (AT/RT)
- host: Battle.net
- saver: damendenie
map: Mur'gulOasis
- players: 8
- length: 05:22
- speed: Fast
- version: 1.24 W3XP
- replay type: Public
» download(45 KB)
Players
team 1 (loser)

»
Schultzz (
yellow | 46 APM | 245 actions | 05:21)
1 Pandaren Brewmaster
1 Breath of Fire
» actions
| Assign group hotkey | 1 | |
| Build / train | 25 | |
| Enter build submenu | 9 | |
| Enter hero's abilities submenu | 1 | |
| Remove unit from queue | 1 | |
| Right click | 136 | |
| Select / deselect | 57 | |
| Use ability | 15 | |
245 total
» units
» buildings
| Ancient of War | 1 | |
| Moon Well | 4 | |
| Altar of Elders | 1 | |
| Hunter's Hall | 1 | |
| Ancient of Wonders | 1 | |
8 total
» build order
00:56 Ancient of War
01:01 Moon Well
01:03 Moon Well
01:20 Altar of Elders
02:43 Moon Well
04:07 Moon Well
04:11 Hunter's Hall
04:13 Ancient of Wonders

»
alkO_killer (
red | 68 APM | 360 actions | 05:17)
1 Paladin
1 Holy Light
» actions
| Assign group hotkey | 13 | |
| Build / train | 22 | |
| Enter build submenu | 10 | |
| Enter hero's abilities submenu | 1 | |
| Right click | 213 | |
| Select / deselect | 65 | |
| Select group hotkey | 20 | |
| Use ability | 16 | |
360 total
» units
» buildings
| Barracks | 1 | |
| Altar of Kings | 1 | |
| Farm | 5 | |
| Scout Tower | 1 | |
| Arcane Tower | 2 | |
| Keep | 2 | |
| Arcane Vault | 1 | |
| Lumber Mill | 1 | |
14 total
» build order
00:09 Barracks
00:20 Altar of Kings
00:35 Farm
00:50 Farm
01:48 Scout Tower
02:16 Arcane Tower
02:19 Farm
02:36 Farm
03:26 Keep
03:26 Keep
04:01 Arcane Vault
04:05 Lumber Mill
04:22 Farm

»
vZ.NitrO (
orange | 43 APM | 218 actions | 05:00)
1 Mountain King
1 Storm Bolt
» actions
| Assign group hotkey | 3 | |
| Build / train | 17 | |
| Enter build submenu | 9 | |
| Enter hero's abilities submenu | 1 | |
| Right click | 122 | |
| Select / deselect | 54 | |
| Use ability | 12 | |
218 total
» units
» buildings
| Altar of Kings | 1 | |
| Farm | 4 | |
| Blacksmith | 1 | |
| Barracks | 1 | |
| Lumber Mill | 1 | |
| Arcane Vault | 1 | |
| Keep | 1 | |
10 total
» build order
00:11 Altar of Kings
00:35 Farm
00:58 Farm
01:29 Blacksmith
01:37 Barracks
01:44 Lumber Mill
02:03 Farm
02:20 Arcane Vault
02:42 Farm
03:42 Keep

»
himen (
teal | 79 APM | 394 actions | 04:57)
1 Archmage
1 Blizzard
» actions
| Assign group hotkey | 2 | |
| Basic commands | 19 | |
| Build / train | 28 | |
| ESC pressed | 3 | |
| Enter build submenu | 9 | |
| Enter hero's abilities submenu | 1 | |
| Right click | 219 | |
| Select / deselect | 79 | |
| Select group hotkey | 14 | |
| Use ability | 20 | |
394 total
» units
» buildings
| Altar of Kings | 1 | |
| Farm | 3 | |
| Arcane Vault | 1 | |
| Scout Tower | 2 | |
| Arcane Tower | 3 | |
| Keep | 4 | |
| Lumber Mill | 1 | |
| Guard Tower | 2 | |
17 total
» build order
00:08 Altar of Kings
00:15 Farm
00:35 Arcane Vault
00:58 Scout Tower
01:21 Farm
01:51 Arcane Tower
01:51 Arcane Tower
01:51 Arcane Tower
02:54 Keep
02:54 Keep
02:54 Keep
03:15 Lumber Mill
03:18 Scout Tower
04:02 Farm
04:22 Guard Tower
04:22 Guard Tower
» items
team 2 (winner)
damendenie (
blue | 110 APM | 593 actions | 05:22)
2 Archmage
1 Summon Water Elemental
1 Brilliance Aura
» actions
| Assign group hotkey | 9 | |
| Basic commands | 8 | |
| Build / train | 19 | |
| ESC pressed | 1 | |
| Enter build submenu | 11 | |
| Enter hero's abilities submenu | 2 | |
| Right click | 204 | |
| Select / deselect | 161 | |
| Select group hotkey | 153 | |
| Use ability | 25 | |
593 total
» units
» buildings
| Altar of Kings | 1 | |
| Barracks | 1 | |
| Farm | 4 | |
| Scout Tower | 1 | |
| Arcane Tower | 1 | |
| Lumber Mill | 1 | |
| Keep | 1 | |
| Arcane Vault | 1 | |
11 total
» build order
00:09 Altar of Kings
00:22 Barracks
00:38 Farm
00:53 Farm
01:59 Scout Tower
02:27 Arcane Tower
02:46 Lumber Mill
02:56 Keep
03:54 Arcane Vault
04:10 Farm
04:57 Farm
anfes (
green | 111 APM | 595 actions | 05:22)
2 Mountain King
1 Storm Bolt
1 Bash
» actions
| Assign group hotkey | 6 | |
| Basic commands | 8 | |
| Build / train | 33 | |
| Enter build submenu | 10 | |
| Enter hero's abilities submenu | 2 | |
| Right click | 306 | |
| Select / deselect | 133 | |
| Select group hotkey | 82 | |
| Use ability | 15 | |
595 total
» units
» upgrades
» buildings
| Barracks | 1 | |
| Farm | 5 | |
| Altar of Kings | 1 | |
| Arcane Vault | 1 | |
| Keep | 2 | |
| Blacksmith | 1 | |
| Lumber Mill | 1 | |
12 total
» build order
00:10 Barracks
00:12 Farm
00:27 Altar of Kings
00:45 Farm
01:29 Farm
02:03 Farm
02:11 Arcane Vault
02:43 Farm
04:36 Keep
04:37 Keep
05:18 Blacksmith
05:21 Lumber Mill
» items
| Scroll of Regeneration | 3 | |
| Lesser Clarity Potion | 1 | |
4 total
0rc.silvermoon (
purple | 84 APM | 454 actions | 05:22)
2 Far Seer
1 Feral Spirit
1 Chain Lighting
» actions
| Assign group hotkey | 15 | |
| Basic commands | 29 | |
| Build / train | 17 | |
| Enter build submenu | 7 | |
| Enter hero's abilities submenu | 2 | |
| Right click | 147 | |
| Select / deselect | 51 | |
| Select group hotkey | 174 | |
| Use ability | 12 | |
454 total
» units
» upgrades
» buildings
| Altar of Storms | 1 | |
| Orc Burrow | 4 | |
| Barracks | 2 | |
| Stronghold | 1 | |
8 total
» build order
00:08 Altar of Storms
00:21 Orc Burrow
00:36 Barracks
01:29 Orc Burrow
01:57 Barracks
02:24 Orc Burrow
04:43 Orc Burrow
05:21 Stronghold

»
elcos (
pink | 58 APM | 312 actions | 05:22)
2 Death Knight
1 Death Coil
1 Unholy Aura
» actions
| Assign group hotkey | 9 | |
| Build / train | 19 | |
| Enter build submenu | 7 | |
| Enter hero's abilities submenu | 2 | |
| Remove unit from queue | 1 | |
| Right click | 103 | |
| Select / deselect | 86 | |
| Select group hotkey | 49 | |
| Use ability | 36 | |
312 total
» units
| Acolyte | 2 | |
| Ghoul | 2 | |
| Crypt Fiend | 5 | |
9 total
» upgrades
» buildings
| Crypt | 1 | |
| Ziggurat | 3 | |
| Graveyard | 1 | |
| Altar of Darkness | 1 | |
| Tomb of Relics | 1 | |
| Nerubian Tower | 4 | |
| Halls of the Dead | 1 | |
12 total
» build order
00:23 Crypt
00:27 Ziggurat
00:42 Graveyard
01:26 Altar of Darkness
01:32 Tomb of Relics
01:36 Nerubian Tower
01:37 Nerubian Tower
01:37 Nerubian Tower
02:28 Ziggurat
03:09 Halls of the Dead
05:20 Ziggurat
» items
Chat log
(00:10 / Allies) damendenie: hi
(00:13 / Allies) elcos: h
(00:14 / Allies) anfes: h
(00:15 / Allies) elcos: units?
(00:16 / Allies) anfes: hi
(00:16 / Allies) elcos: heros?
(00:20 / Allies) anfes: mk
(00:20 / Allies) elcos: 100?
(00:22 / Allies) anfes: knight
(00:34 / Allies) elcos: 100plz?
(02:40 / Allies) damendenie: fuck laggs
(03:26 / Allies) damendenie: 4 here
(03:35 / Allies) anfes: sec
(03:47 / Allies) elcos: they teacher
(04:22 / Allies) damendenie: gj purpl
(04:27 / Allies) 0rc.silvermoon: go
(05:03 / Allies) elcos: xD
(05:15 / Allies) elcos: :)